 Dungeon Crawl Stone Soup version 0.30-a0-652-gcc886f7154 (webtiles) character file.

Game seed: 2984371891304999869

263 Newt the Shooter (level 6, 0/38 HPs)
             Began as a Kobold Hunter on Jan 17, 2023.
             Was an Initiate of Qazlal.
             Slain by a hornet (7 damage)
             ... on level 4 of the Dungeon.
             The game lasted 00:02:33 (3108 turns).

Newt the Shooter (Kobold Hunter)                    Turns: 3108, Time: 00:02:34

Health: 0/38       AC:  4    Str:  9    XL:     6   Next: 43%
Magic:  6/6        EV: 14    Int: 10    God:    Qazlal [......]
Gold:   28         SH:  0    Dex: 20    Spells: 5/5 levels left

rFire   . . .      SeeInvis .    a - +3 shortbow
rCold   . . .      Faith    .    (shield currently unavailable)
rNeg    . . .      Spirit   .    c - +1 leather armour
rPois   .          Reflect  .    (no helmet)
rElec   .          Harm     .    (no cloak)
rCorr   .          Rampage  .    (no gloves)
Will    .....                    (no boots)
Stlth   ++++                     (no amulet)
HPRegen 0.26/turn                (no ring)
MPRegen 0.10/turn                (no ring)

@: lethally poisoned (0 -> -7), slowed, very slow
A: small, no large weapons, nightstalker 3
a: Renounce Religion


You were on level 4 of the Dungeon.
You worshipped Qazlal.
Qazlal was noncommittal.
You visited 1 branch of the dungeon, and saw 4 of its levels.

You collected 151 gold pieces.
You spent 123 gold pieces at shops.

Inventory:

Hand Weapons
 a - a +3 shortbow (weapon)
Armour
 c - a +1 leather armour (worn)
Scrolls
 b - a scroll of immolation
 g - a scroll of magic mapping
 k - 2 scrolls of teleportation
Potions
 d - 2 potions of lignification
 e - 2 potions of heal wounds
 f - a potion of degeneration
 h - a potion of brilliance
 i - a potion of curing {unknown}
 j - a potion of might {unknown}


   Skills:
 - Level 4.0 Fighting
 + Level 7.9 Ranged Weapons
 - Level 2.4 Dodging
 - Level 4.0 Stealth


You had 5 spell levels left.
You didn't know any spells.
Your spell library contained the following spells:

 Spells                   Type           Power      Damage    Failure   Level
 Magic Dart               Conj           0%         1d3       47%         1
 Lehudib's Crystal Spear  Conj/Erth      0%         10d2      100%        8


Dungeon Overview and Level Annotations

Branches:
Dungeon (4/15)
 Temple: D:4-7

Altars:
Cheibriados
Qazlal

Shops:
D:1 !(?[


Innate Abilities, Weirdness & Mutations

You are small and have problems with some larger weapons.
You are completely attuned to the shadows.


Message History

The black bear bites you. The black bear barely misses you.
The black bear closely misses you.
You shoot an arrow. The arrow hits the black bear!
The black bear is almost dead.
The black bear misses you. The black bear claws you.
The black bear completely misses you.
You shoot an arrow. The arrow barely misses the black bear.
The black bear misses you. The black bear claws you. x2
The black bear goes berserk!
You shoot an arrow. The arrow barely misses the black bear.
The black bear closely misses you. The black bear barely misses you.
The black bear claws you.
A hornet comes into view.
You shoot an arrow. The arrow hits the black bear!
You kill the black bear!
Qazlal accepts your kill.
Your Ranged Weapons skill increases to level 7!
You have reached level 6!
You shoot an arrow. The arrow hits the hornet!
The hornet is moderately wounded.
The hornet misses you.
You shoot an arrow. The arrow hits the hornet!
The hornet is heavily wounded.
The hornet stings you but does no damage.
The hornet stings you!
You feel yourself slow down.
You shoot an arrow. The arrow hits the hornet.
The hornet is severely wounded.
You feel yourself speed up. The hornet misses you. The hornet stings you.
You are poisoned.
You feel yourself slow down. The hornet completely misses you.
You shoot an arrow.
The arrow hits the hornet but does no damage.
The hornet is severely wounded.
You feel very sick. The hornet stings you.
* * * LOW HITPOINT WARNING * * *
You feel as though you will be slow longer.
The hornet stings you!
You die...

.....#.# ......##
.........######
###...#..##...# #
#...#..##...# .#
###......##...# .###
....#.....#...# ...
......#.#.)...###.#..
####..#.......'.@...#
## #..####....###y#.#
.# #+## #....# ... .#
##.### ...# .# #.
...^ .# .# .# ##


You could see a hornet.

Vanquished Creatures
  A black bear (D:4)
  2 orc priests (D:4)
  A mummy (D:3)
  3 adders (D:3)
  2 worms
  4 orcs (D:4)
  16 ball pythons
  4 endoplasms
  4 giant cockroaches
  5 goblins
  6 hobgoblins
  5 kobolds
  6 bats
  3 frilled lizards (D:1)
  2 rats
64 creatures vanquished.

Notes
Turn   | Place    | Note
-------+----------+-------------------------------------------
     0 | D:1      | Newt the Kobold Hunter began the quest for the Orb.
     0 | D:1      | Reached XP level 1. HP: 12/12 MP: 1/1
    71 | D:1      | Found Lahosy's Distillery.
   151 | D:1      | Found Curavate's Weapon Emporium.
   169 | D:1      | Reached XP level 2. HP: 17/17 MP: 2/2
   392 | D:1      | Found Toiss's Magic Scroll Shoppe.
   522 | D:1      | Found Wecvuw's Armour Shoppe.
   612 | D:1      | Reached XP level 3. HP: 21/21 MP: 3/3
  1077 | D:1      | Got the Treatise on the Volley
  1782 | D:3      | Reached XP level 4. HP: 16/28 MP: 4/4
  1989 | D:3      | Found a stormy altar of Qazlal.
  2059 | D:3      | Became a worshipper of Qazlal Stormbringer
  2275 | D:3      | Found a snail-covered altar of Cheibriados.
  2858 | D:1      | Bought a scroll of identify for 26 gold pieces
  2858 | D:1      | Bought a scroll of enchant weapon for 97 gold pieces
  2933 | D:4      | Reached XP level 5. HP: 33/33 MP: 5/5
  2937 | D:4      | Reached skill level 6 in Ranged Weapons
  3099 | D:4      | Noticed a black bear
  3103 | D:4      | Noticed a hornet
  3104 | D:4      | Killed a black bear
  3105 | D:4      | Reached skill level 7 in Ranged Weapons
  3105 | D:4      | Reached XP level 6. HP: 26/38 MP: 6/6
  3108 | D:4      | Slain by a hornet

Illustrated notes

Levels and vault maps discovered:
D:1:      elethiomel_arrival_infinity_welcomes_careful_drivers, layout_basic,
          serial_shops, nicolae_shop_hallway_plus, nicolae_shop_stone, shop,
          nicolae_shop_hallway_plus, minmay_split_cup_small
D:2:      layout_basic
D:3:      layout_loops_ring, mainiacjoe_overflow_alcove_4, slow_altar_2,
          minmay_shallow_snake_nest
D:4:      layout_basic, nemelex_dance_club_becter,
          nicolae_tso_swordbearing_angel, lemuel_tele_altar

Skill      XL: |  1  2  3  4  5 |
---------------+----------------+-----
Stealth        | 2 3 4 |  4.0
Fighting       | 3 4 |  4.0
Ranged Weapons | 7 |  7.9
Dodging        | |  2.4

Action                   |  1- 3 |  4- 6 || total
-------------------------+-------+-------++-------
 Fire: Shortbow          |    74 |    82 ||   156
  Use: Scroll            |     7 |     5 ||    12
       Potion            |     1 |       ||     1
Armor: Leather armour    |    12 |     5 ||    17
Dodge: Dodged            |    42 |    38 ||    80

Table legend: (Time is in decaauts)
 A = Elapsed time spent in this place.
 B = Non-inter-level travel time spent in this place.
 C = Inter-level travel time spent in this place.
 D = Time resting spent in this place.
 E = Time spent auto-exploring this place.
 F = Levels seen in this place.
 G = Mean time per level.
                   A        B        C        D        E       F      G
               +--------+--------+--------+--------+--------+-----+--------+
         Total |   3152 |   2917 |    235 |    152 |   2451 |   4 |  788.0 |
       Dungeon |   3152 |   2917 |    235 |    152 |   2451 |   4 |  788.0 |
               +--------+--------+--------+--------+--------+-----+--------+

Top non-repeatable levels by time:
     D:1: 1320 daAuts
     D:3: 1071 daAuts
     D:2: 566 daAuts
     D:4: 194 daAuts
